 Dungeon Crawl Stone Soup version 0.19.4-8-ga85b6b9 (webtiles) character file.

51334 TryAgain the Blocker (level 14, -7/138 HPs)
             Began as a Gargoyle Fighter on Feb 9, 2017.
             Was a Priest of the Shining One.
             Mangled by an eight-headed hydra (9 damage)
             ... on level 6 of the Lair of Beasts.
             The game lasted 01:18:31 (16237 turns).

TryAgain the Blocker (Gargoyle Fighter)            Turns: 16237, Time: 01:18:32

Health: -7/138     AC: 27    Str: 20    XL:     14   Next: 59%
Magic:  14/14      EV:  2    Int: 10    God:    the Shining One [***...]
Gold:   1141       SH: 19    Dex: 13    Spells: 2 memorised, 10 levels left

rFire  . . .     SeeInvis .     e - +3 flail (holy)
rCold  . . .     Gourm    .     (armour currently unavailable)
rNeg   + + +     Faith    .     c - +0 shield
rPois  ∞         Spirit   .     (helmet currently unavailable)
rElec  .         Reflect  +     (cloak currently unavailable)
rCorr  +         Harm     .     (gloves currently unavailable)
MR     ++...     NoTele   +     (boots currently unavailable)
Stlth  ++........               X - +6 amulet of reflection
                                x - ring of resist corrosion
                                J - ring of protection from magic

@: tree-form, glowing
A: (big wings), negative energy resistance 1, (electricity resistance),
(unbreathing), petrification resistance, rot immunity, AC +9
a: Divine Shield, Renounce Religion


You were on level 6 of the Lair of Beasts.
You worshipped the Shining One.
The Shining One was most pleased with you.
You were not hungry.
You were a tree.
You visited 3 branches of the dungeon, and saw 17 of its levels.
You also visited: Sewer and Ossuary.

You collected 1172 gold pieces.
You spent 31 gold pieces at shops.

Inventory:

Hand Weapons
 e - a +3 flail of holy wrath (weapon)
Armour
 c - a +0 shield (worn)
 y - a +2 cloak (melded)
 A - the +2 pair of boots of the Assassin (melded) {DetectMon Stab+ Stlth++}
   (You acquired it on level 3 of the Lair of Beasts)

   It makes you much more stealthy.
 B - a +2 helmet (melded)
 C - a +1 pair of gloves (melded)
 D - a +0 plate armour
 M - a +0 chain mail (melded)
Magical Staves
 L - an uncursed staff of conjuration
Jewellery
 u - an uncursed amulet of regeneration
 x - a ring of resist corrosion (right branch)
 E - an uncursed ring of magical power
 J - a ring of protection from magic (left branch)
 P - an uncursed amulet of magic regeneration
 X - a +6 amulet of reflection (around neck)
 Y - an uncursed ring of see invisible
Wands
 b - a wand of flame (41/48)
 l - a wand of acid (0/15)
 o - a wand of disintegration (7/24)
 S - a wand of confusion (33/48)
 U - a wand of digging (8/24)
 V - a wand of enslavement (11/24)
 Z - a wand of slowing (33/48)
Scrolls
 g - a scroll of blinking
 k - a scroll of amnesia
 m - a scroll of teleportation
 n - 5 scrolls of remove curse
 N - 2 scrolls of recharging
 T - 5 scrolls of identify
Potions
 i - a potion of cancellation
 r - 3 potions of berserk rage
 s - a potion of curing
 v - a potion of cure mutation
 F - a potion of flight {unknown}
 I - a potion of magic
 Q - a potion of resistance
 R - a potion of brilliance
Books
 a - a book of Geomancy

   Spells                             Type                      Level
   a - Sandblast                      Earth                        1
   b - Passwall                       Transmutation/Earth          2
   c - Stone Arrow                    Conjuration/Earth            3
   d - Petrify                        Transmutation/Earth          4
   e - Lee's Rapid Deconstruction     Earth                        5
 w - a book of Maledictions

   Spells                             Type                      Level
   a - Corona                         Hexes                        1
   b - Ensorcelled Hibernation        Hexes/Ice                    2
   c - Confuse                        Hexes                        3
   d - Tukima's Dance                 Hexes                        3
   e - Dazzling Spray                 Conjuration/Hexes            3
 z - a book of Transfigurations

   Spells                             Type                      Level
   a - Irradiate                      Conjuration/Transmutation    5
   b - Statue Form                    Transmutation/Earth          6
   c - Hydra Form                     Transmutation                6
   d - Dragon Form                    Transmutation                7
 H - a book of Debilitation

   Spells                             Type                      Level
   a - Corona                         Hexes                        1
   b - Slow                           Hexes                        2
   c - Gell's Gravitas                Hexes/Translocation          3
   d - Inner Flame                    Hexes/Fire                   3
   e - Cause Fear                     Hexes                        4
   f - Leda's Liquefaction            Hexes/Earth                  4
 W - a book of Changes

   Spells                             Type                      Level
   a - Beastly Appendage              Transmutation                1
   b - Sticks to Snakes               Transmutation                2
   c - Spider Form                    Transmutation/Poison         3
   d - Ice Form                       Ice/Transmutation            4
   e - Blade Hands                    Transmutation                5
Miscellaneous
 h - a crystal ball of energy
Comestibles
 f - 10 bread rations
 j - 4 slices of pizza
 p - 8 beef jerkies
 t - 7 meat rations
 O - 4 fruits


   Skills:
 * Level 12.6 Fighting
 + Level 8.6 Maces & Flails
 * Level 12.7 Armour
 + Level 7.8 Dodging
 - Level 7.2 Stealth
 * Level 12.8 Shields
 - Level 8.0 Earth Magic


You had 10 spell levels left.
You knew the following spells:

 Your Spells              Type           Power        Failure   Level  Hunger
a - Sandblast             Erth           ###...       1%          1    ##.....
b - Passwall              Tmut/Erth      #.........   14%         2    ###....


Dungeon Overview and Level Annotations

Branches:
Dungeon (10/15)            Temple (1/1) D:6            Lair (6/6) D:10
 Shoals (0/4) Lair:3       Spider (0/4) Lair:2        Slime (0/5) Lair:6
    Orc (0/2) D:10

Altars:
Ashenzari
Cheibriados
Dithmenos
Elyvilon
Fedhas
Gozag
Hepliaklqana
Kikubaaqudgha
Makhleb
Nemelex Xobeh
Okawaru
Qazlal
Ru
Sif Muna
Trog
Uskayaw
Vehumet
Xom
Yredelemnul
Zin
The Shining One
Jiyva

Shops:
D:5 =   D:8 *

Annotations:
D:3 Sigmund
D:10 4 runed doors


Innate Abilities, Weirdness & Mutations

You are resistant to torment.
((Your stone body is resilient. (AC +9)))
You are immune to poison.
((Your large and strong wings let you fly indefinitely.))
You resist negative energy. (rN+)
((You are resistant to electric shocks. (rElec)))
((You can survive without breathing.))
You are immune to petrification.
You are immune to rotting.


Message History

The eight-headed hydra bites you but does no damage.
You block the eight-headed hydra's attack.
The eight-headed hydra bites you!
* * * LOW HITPOINT WARNING * * *
The eight-headed hydra bites you but does no damage.
You block the eight-headed hydra's attack.
The eight-headed hydra bites you.
* * * LOW HITPOINT WARNING * * *
You cannot teleport because you are held in place by your roots.
Okay, then.
Evoke which item? (* to show all) (? for menu, Esc to quit)
Zapping:
o - a wand of disintegration (will waste charges)
Press: ? - help, Shift-Dir - straight line, f - eight-headed hydra
Aim: an eight-headed hydra (almost dead, haloed, chance to defeat MR: 30%)
The eight-headed hydra easily resists.
Evoking this partially-identified wand wasted a few charges.
The eight-headed hydra bites you but does no damage. x2
You block the eight-headed hydra's attack.
The eight-headed hydra bites you!
You die...

.≈≈≈.≈≈.≈≈≈...........#
......................#
......................#
......................#
.....................##
...............D......#
.............###......#
.....#.......####D#...#
.P..##........#.♣#...###
#..........##........#P#
...........###.........#
...........##........###
#...........##...÷.'.##
##...#.#....#....##...#
.#####.....####.#.##.##
#...#.#.....###....#..#
............D........##


You could see an eight-headed hydra.

Vanquished Creatures
  3 hydras (Lair:6)
  11 death yaks
  A fire crab (Lair:6)
  A sea snake (Lair:6)
  2 hill giants
  A black mamba (Lair:6)
  6 elephants (Lair:5)
  13 spiny frogs
  5 rime drakes
  10 komodo dragons
  3 hornets
  2 wind drakes (Lair:6)
  5 polar bears
  Grinder (D:5)
  A jumping spider (Lair:2)
  9 hippogriffs
  7 dream sheep
  The ghost of TryAgain the Covered, an amateur GrFi (D:4)
  3 blink frogs (Lair:2)
  A spriggan (Lair:2)
  A wyvern (Lair:6)
  33 yaks
  4 basilisks
  A hungry ghost (D:10)
  Menkaure (D:5)
  The ghost of Haldmier the Slasher, an amateur HEWr (D:3)
  Duvessa (D:6)
  Edmund (D:5)
  5 porcupines
  18 water moccasins
  A black bear (Lair:5)
  4 orc warriors
  A phantom (D:10)
  3 sky beasts
  Purgy (Sewer)
  3 necrophages
  2 centaurs (D:8)
  15 wolves
  5 ogres
  18 crocodiles
  An elf zombie (Ossuary)
  10 bullfrogs
  Dowan (D:6)
  2 scorpions
  3 killer bees (D:9)
  9 wights
  2 howler monkeys
  An electric eel (Lair:2)
  3 crimson imps
  A centaur zombie (Ossuary)
  7 hounds
  3 jellies
  A centaur skeleton (D:9)
  5 orc priests
  An iguana (D:8)
  10 orc wizards
  10 worker ants
  4 big kobold zombies (Ossuary)
  A hound zombie (D:9)
  2 mummies (Ossuary)
  A worker ant zombie (D:9)
  16 adders
  A river rat (D:3)
  2 shadow imps
  An ooze (D:4)
  3 worms
  3 dart slugs
  5 leopard geckos
  29 orcs
  4 bats
  8 giant cockroaches
  4 goblins (D:1)
  5 hobgoblins
  6 jackals
  17 kobolds
  8 quokkas
  A ball python (D:7)
  9 frilled lizards
  3 gnoll zombies (Ossuary)
  A goblin zombie (Ossuary)
  4 hobgoblin zombies (Ossuary)
  A leopard gecko skeleton (D:4)
  A quokka skeleton (D:5)
  5 rats
  A fungus (Lair:5)
421 creatures vanquished.

Vanquished Creatures (others)
  2 death yaks (Lair:6)
  An orc (D:4)
  A bush (Lair:3)
  25 fungi
  42 plants
71 creatures vanquished.

Grand Total: 492 creatures vanquished

Notes
Turn   | Place    | Note
-------+----------+-------------------------------------------
     0 | D:1      | TryAgain the Gargoyle Fighter began the quest for the Orb.
     0 | D:1      | Reached XP level 1. HP: 14/14 MP: 1/1
   156 | D:1      | Reached XP level 2. HP: 19/19 MP: 2/2
   375 | D:1      | Reached XP level 3. HP: 23/23 MP: 3/3
   878 | D:2      | Reached XP level 4. HP: 22/29 MP: 4/4
   935 | D:2      | Found a basalt altar of Yredelemnul.
  1008 | D:2      | Found a sparkling altar of Nemelex Xobeh.
  1285 | D:2      | Found a radiant altar of Vehumet.
  1437 | D:3      | Noticed Sigmund
  1437 | D:3      | Noticed Haldmier's ghost (amateur HEWr)
  1900 | D:3      | Found a glowing drain.
  1952 | D:3      | Killed Haldmier's ghost
  1952 | D:3      | Reached skill level 1 in Dodging
  1952 | D:3      | Reached XP level 5. HP: 17/34 MP: 5/5
  1952 | D:3      | Reached XP level 6. HP: 21/40 MP: 6/6
  1971 | Sewer    | Entered a sewer
  2100 | Sewer    | Noticed Purgy
  2148 | Sewer    | Killed Purgy
  2148 | Sewer    | Reached skill level 5 in Fighting
  2591 | D:4      | Reached skill level 5 in Armour
  2663 | D:4      | Reached XP level 7. HP: 41/44 MP: 7/7
  2694 | D:4      | Noticed TryAgain's ghost (amateur GrFi)
  2711 | D:4      | Killed TryAgain's ghost
  2711 | D:4      | Reached skill level 1 in Stealth
  2711 | D:4      | Reached skill level 5 in Shields
  2722 | D:4      | Found an ancient bone altar of Kikubaaqudgha.
  2776 | D:4      | Found a shadowy altar of Dithmenos.
  3078 | D:5      | Entered Level 5 of the Dungeon
  3104 | D:5      | Found a blossoming altar of Fedhas.
  3149 | D:5      | Found a sand-covered staircase.
  3164 | Ossuary  | Entered an ossuary
  3180 | Ossuary  | Reached XP level 8. HP: 40/51 MP: 8/8
  3395 | D:5      | Noticed Grinder
  3405 | D:5      | Noticed Edmund
  3428 | D:5      | Killed Edmund
  3442 | D:5      | Paralysed by Grinder for 5 turns
  3458 | D:5      | Paralysed by Grinder for 3 turns
  3468 | D:5      | Noticed Menkaure
  3468 | D:5      | Killed Grinder
  3492 | D:5      | Killed Menkaure
  3906 | D:5      | Found Ixkolaqu's Jewellery Shop.
  4021 | D:5      | Found a faded altar of an unknown god.
  4021 | D:5      | Found a faded altar of an unknown god.
  4026 | D:5      | Found a faded altar of an unknown god.
  4028 | D:5      | Found a faded altar of an unknown god.
  4030 | D:5      | Found a deep blue altar of Sif Muna.
  4197 | D:6      | Reached XP level 9. HP: 33/56 MP: 9/9
  4297 | D:6      | Found a staircase to the Ecumenical Temple.
  4323 | Temple   | Entered the Ecumenical Temple
  4338 | Temple   | Became a worshipper of the Shining One
  4609 | D:6      | Noticed Duvessa
  4610 | D:6      | Noticed Dowan
  4623 | D:6      | Killed Duvessa
  4632 | D:6      | Killed Dowan
  5686 | D:7      | Reached * piety under the Shining One
  5868 | D:8      | Found Subresana's Assorted Antiques.
  5876 | D:8      | Bought a scroll labeled PYGISI ACKENKEA for 31 gold pieces
  5995 | D:8      | Reached skill level 5 in Maces & Flails
  5995 | D:8      | Reached XP level 10. HP: 53/64 MP: 10/10
  6502 | D:8      | Found a snail-covered altar of Cheibriados.
  6542 | D:8      | Found a stormy altar of Qazlal.
  6827 | D:9      | Reached ** piety under the Shining One
  6894 | D:9      | Noticed a hill giant
  7045 | D:9      | Killed a hill giant
  7229 | D:9      | You fall through a shaft!
  7229 | D:10     | Entered Level 10 of the Dungeon
  7296 | D:10     | Noticed a hill giant
  7306 | D:10     | Killed a hill giant
  7367 | D:10     | Found a staircase to the Lair.
  7391 | D:10     | Found a staircase to the Orcish Mines.
  7484 | D:10     | Found a huge runed gate.
  7651 | D:10     | Noticed a death yak
  7651 | D:10     | Found a huge runed gate.
  7651 | D:10     | Found a huge runed gate.
  7651 | D:10     | Found a huge runed gate.
  7651 | D:10     | Noticed a manticore
  7651 | D:10     | Reached *** piety under the Shining One
  7655 | D:10     | Reached XP level 11. HP: 71/71 MP: 11/11
  7969 | Lair:1   | Entered Level 1 of the Lair of Beasts
  8060 | Lair:1   | Learned a level 1 spell: Sandblast
  8063 | Lair:1   | Learned a level 2 spell: Passwall
  8193 | Lair:1   | Reached skill level 5 in Stealth
  8276 | Lair:1   | Reached skill level 1 in Earth Magic
  8900 | Lair:2   | Reached skill level 10 in Shields
  8992 | Lair:2   | Reached skill level 10 in Fighting
  9100 | Lair:2   | Found a hole to the Spider Nest.
  9124 | Lair:2   | Reached skill level 10 in Armour
  9487 | Lair:2   | Reached skill level 5 in Dodging
  9497 | Lair:2   | HP: 2/72 [komodo dragon (21)]
  9508 | Lair:2   | Reached XP level 12. HP: 37/77 MP: 12/12
  9798 | Lair:3   | Identified a scroll of acquirement
  9827 | Lair:3   | Found a staircase to the Shoals.
 10105 | Lair:3   | Noticed a six-headed hydra
 10580 | Lair:3   | Reached XP level 13. HP: 83/83 MP: 13/13
 12220 | Lair:5   | You fall through a shaft!
 12220 | Lair:6   | Entered Level 6 of the Lair of Beasts
 13038 | Lair:6   | Found a viscous altar of Jiyva.
 13038 | Lair:6   | Found a staircase to the Slime Pits.
 13416 | Lair:6   | Gained mutation: You are clumsy. (Dex -2) [potion of mutation]
 13416 | Lair:6   | Gained mutation: You are partially covered in icy blue scales. (AC +2) [potion of mutation]
 13417 | Lair:6   | Gained mutation: Scrolls take you a little longer to read. [potion of mutation]
 13417 | Lair:6   | Gained mutation: You have a pair of small horns on your head. [potion of mutation]
 13417 | Lair:6   | Gained mutation: You are dopey. (Int -2) [potion of mutation]
 13418 | Lair:6   | Lost mutation: You are dopey. (Int -2) [potion of cure mutation]
 13418 | Lair:6   | Lost mutation: You are clumsy. (Dex -2) [potion of cure mutation]
 13418 | Lair:6   | Lost mutation: You have a pair of small horns on your head. [potion of cure mutation]
 13418 | Lair:6   | Lost mutation: You are partially covered in icy blue scales. (AC +2) [potion of cure mutation]
 13418 | Lair:6   | Lost mutation: Scrolls take you a little longer to read. [potion of cure mutation]
 13839 | Lair:6   | Gained mutation: Your large and strong wings let you fly indefinitely. [Gargoyle growth]
 13839 | Lair:6   | Reached XP level 14. HP: 80/91 MP: 14/14
 16236 | Lair:6   | HP: 2/138 [eight-headed hydra (5)]
 16237 | Lair:6   | Mangled by an eight-headed hydra

Skill      XL: |  1  2  3  4  5  6  7  8  9 10 11 12 13 14 |
---------------+-------------------------------------------+-----
Fighting       | 4 5 6 8 9 10 11 12 | 12.6
Armour         | 4 5 6 8 9 10 11 12 | 12.7
Dodging        | 1 2 3 4 6 7 |  7.8
Shields        | 4 5 6 7 9 10 12 | 12.8
Maces & Flails | 3 4 5 6 7 8 |  8.6
Stealth        | 2 3 4 6 7 |  7.2
Earth Magic    | 7 8 |  8.0

Action                   |  1- 3 |  4- 6 |  7- 9 | 10-12 | 13-15 || total
-------------------------+-------+-------+-------+-------+-------++-------
Melee: Flail             |   141 |   285 |   496 |   692 |  1109 ||  2723
Evoke: Wand              |       |       |       |     5 |     1 ||     6
  Use: Potion            |       |     3 |     2 |     8 |    15 ||    28
       Scroll            |       |    11 |    13 |     9 |     9 ||    42
  Eat: Chunk             |       |     7 |    12 |    16 |    18 ||    53
       Royal jelly       |       |       |       |       |     2 ||     2
Armor: Scale mail        |    73 |   252 |   185 |       |       ||   510
       Chain mail        |       |       |   120 |   384 |   719 ||  1223
       Skin              |       |       |       |       |    69 ||    69
Dodge: Dodged            |    45 |   116 |   154 |   220 |   458 ||   993
Block: Shield            |    75 |   196 |   289 |   420 |  1405 ||  2385
